 Dungeon Crawl Stone Soup version 0.30.1-1-g62c8e00024 (webtiles) character file.

Game seed: 14405440499960196665

2699 Pepete the Conjurer (level 9, 0/57 HPs)
             Began as a Demonspawn Fire Elementalist on July 14, 2023.
             Was an Initiate of Vehumet.
             Slain by Joseph
             ... wielding a +0 quarterstaff
              (10 damage)
             ... on level 7 of the Dungeon.
             The game lasted 00:27:13 (24400 turns).

Pepete the Conjurer (Demonspawn Fire Elementalist) Turns: 24400, Time: 00:27:13

Health: 0/57       AC:  4    Str:  9    XL:     9   Next: 38%
Magic:  9/19       EV: 12    Int: 26    God:    Vehumet [......]
Gold:   439        SH:  0    Dex: 20    Spells: 15/22 levels left

rFire   . . .        (no weapon)
rCold   . . .        (no shield)
rNeg    . . .        l - +2 robe
rPois   .            (helmet unavailable)
rElec   .            (no cloak)
rCorr   .            (no gloves)
SInv    +            (no boots)
Will    .....        (no amulet)
Stlth   ++           g - +6 ring of dexterity
HPRegen 0.29/turn    q - +6 ring of intelligence
MPRegen 0.32/turn

%: no passive effects
@: about to teleport
A: antennae 3, magic regeneration, weakness stinger 1, demonic touch 1
a: Renounce Religion


You were on level 7 of the Dungeon.
You worshipped Vehumet.
Vehumet was noncommittal.
You visited 2 branches of the dungeon, and saw 8 of its levels.
You also visited: Ossuary.

You collected 439 gold pieces.

Inventory:

Armour
 l - a +2 robe (worn)
 v - the +5 Storm Queen's Shield {shock, Fly rElec}
   (You acquired it in an ossuary)

   Shock:     When it blocks an attack, it may electrocute the attacker.
   This works even against foes who are a short distance away.
   rElec:     It insulates you from electricity.
   Fly:       It grants you flight.
Jewellery
 g - a +6 ring of dexterity (left hand)
 i - a ring of protection from fire
 q - a +6 ring of intelligence (right hand)
Wands
 p - a wand of iceblast (5)
 r - a wand of mindburst (3)
 x - a wand of flame (13)
Scrolls
 a - 5 scrolls of fog
 d - 2 scrolls of teleportation
 f - 2 scrolls of magic mapping
 k - a scroll of enchant armour {unknown}
 n - 2 scrolls of brand weapon
 t - a scroll of amnesia
Potions
 b - a potion of magic
 c - 5 potions of curing
 e - 2 potions of might
 h - a potion of attraction {unknown}
 m - 2 potions of resistance
 o - a potion of mutation {unknown}
 u - 2 potions of degeneration {unknown}
 w - a potion of flight {unknown}
 z - a potion of invisibility


   Skills:
 - Level 1.7 Dodging
 - Level 1.7 Stealth
 * Level 7.1 Spellcasting
 * Level 7.4 Conjurations
 * Level 7.3 Fire Magic


You had 15 spell levels left.
You knew the following spells:

 Your Spells              Type           Power      Damage    Failure   Level
a - Foxfire               Conj/Fire      100%       2x1d9     1%          1
b - Scorch                Fire           94%        2d8       1%          2
c - Volatile Blastmotes   Fire/Tloc      56%        2d14      4%          3
d - Shock                 Conj/Air       100%       1d9       1%          1

Your spell library contained the following spells:

 Spells                   Type           Power      Damage    Failure   Level
 Flame Wave               Conj/Fire      47%        2d12      3%          4
 Inner Flame              Hex/Fire       28%        N/A       4%          3
 Sting                    Tmut/Pois      36%        1d4       6%          1
 Poisonous Vapours        Pois/Air       18%        N/A       10%         2
 Ozocubu's Armour         Ice            9%         N/A       19%         3
 Olgreb's Toxic Radiance  Pois           9%         N/A       52%         4
 Summon Cactus Giant      Summ           4%         N/A       100%        6
 Ozocubu's Refrigeration  Ice            4%         4d8       100%        7


Dungeon Overview and Level Annotations

Branches:
Dungeon (7/15)             Temple (1/1) D:5         Ossuary (visited)

Altars:
Ashenzari
Cheibriados
Dithmenos
Fedhas
Gozag
Hepliaklqana
Kikubaaqudgha
Makhleb
Nemelex Xobeh
Okawaru
Qazlal
Ru
Sif Muna
Trog
Uskayaw
Vehumet
Wu Jian
Xom
Yredelemnul

Shops:
D:5 *

Annotations:
D:3 2 runed translucent doors, middlethird's ghost, amateur FoNe
D:5 Eustachio
D:6 3 runed translucent doors, erynZofia's ghost, novice FoHu
D:7 Joseph


Innate Abilities, Weirdness & Mutations

You have a pair of large antennae on your head. (SInv)
You regenerate magic rapidly.
You have a small tail.
Your touch may inflict minor irresistible damage on your foes.


Message History

Joseph is moderately wounded.
The foxfire hits Joseph but does no damage.
Joseph is moderately wounded.
Your foxfire dissipates!
Joseph shoots a sling bullet.
The sling bullet barely misses you.
Casting: Scorch (safe; 1% risk of failure)
Confirm with . or Enter, or press ? or * to list all spells.
Flames lash Joseph.
Joseph is moderately wounded.
Joseph's fire resistance burns away.
Joseph shoots a sling bullet.
The sling bullet hits you!!
* * * LOW HITPOINT WARNING * * *
Okay, then.
You feel much better.
Joseph shoots a sling bullet.
The sling bullet barely misses you.
Casting: Scorch (safe; 1% risk of failure)
Confirm with . or Enter, or press ? or * to list all spells.
Flames lash Joseph.
Joseph is burned terribly!
Joseph is moderately wounded.
Unknown command.
You conjure some foxfire!
Joseph unwields a +0 sling.
Joseph wields a +0 quarterstaff.
Joseph hits you with a +0 quarterstaff!
Casting: Foxfire (safe; 1% risk of failure)
Confirm with . or Enter, or press ? or * to list all spells.
Flames lash Joseph.
Joseph is heavily wounded.
The foxfire hits Joseph but does no damage.
Joseph is heavily wounded.
The foxfire hits Joseph.
Joseph is burned terribly!
Joseph is heavily wounded.
Joseph hits you with a +0 quarterstaff!!
* * * LOW HITPOINT WARNING * * *
You feel better.
Joseph shouts, "I love to fight!
I love killing!"
Joseph hits you with a +0 quarterstaff.
You feel better. Joseph hits you with a +0 quarterstaff!
* * * LOW HITPOINT WARNING * * *
As you read the scroll of teleportation, it crumbles to dust.
You feel strangely unstable. Joseph hits you with a +0 quarterstaff!
You die...

#.# ##########.#
##........@.# {
#...#########
###...###
#.(.....######
#....@.......######
#.......###@(......
##....### #@.######
#....# #..# #.#.##
#.... #.#.# #.####
#.#.# #.# #.#.# #.#
#.#.######.#
#...#.....)#..
#.########.#


You could see Joseph (combustible).

Vanquished Creatures
  Sigmund (D:2)
  Menkaure (D:6)
  Edmund (D:6)
  An ice beast (D:6)
  An orc warrior (D:6)
  A sky beast (D:6)
  A phantom (D:6)
  A gnoll sergeant (D:6)
  12 scorpions
  5 killer bees (D:7)
  An electric eel (D:6)
  2 centaur zombies (Ossuary)
  A jelly (D:4)
  3 human zombies (Ossuary)
  4 orc priests
  A hound (D:3)
  Jessica (D:2)
  4 iguanas
  3 orc wizards
  5 scorpion zombies (Ossuary)
  3 mummies (Ossuary)
  5 gnolls
  6 adders
  2 white imps (D:6)
  A worm (D:4)
  4 dart slugs
  19 orcs
  A bat (D:3)
  11 endoplasms
  4 giant cockroaches
  7 goblins
  6 hobgoblins
  4 jackals (D:1)
  3 quokkas
  4 ball pythons
  3 frilled lizards
  2 gnoll zombies (Ossuary)
  A goblin zombie (Ossuary)
  2 hobgoblin zombies (Ossuary)
  2 kobolds
  4 kobold zombies (Ossuary)
  An orc zombie (Ossuary)
  2 rats
147 creatures vanquished.

Vanquished Creatures (others)
  595 foxfires
595 creatures vanquished.

Grand Total: 742 creatures vanquished

Notes
Turn   | Place    | Note
-------+----------+-------------------------------------------
     0 | D:1      | Pepete the Demonspawn Fire Elementalist began the quest for
                  | the Orb.
     0 | D:1      | Reached XP level 1. HP: 13/13 MP: 3/3
  1571 | D:1      | Discovered your monstrous ancestry.
  1571 | D:1      | Gained mutation: You have a pair of small antennae on your
                  | head. [demonic ancestry]
  1571 | D:1      | Reached XP level 2. HP: 14/19 MP: 1/5
  2438 | D:1      | Found a faded altar of an unknown god.
  2442 | D:1      | Learned a level 2 spell: Scorch
  4963 | D:2      | Gained mutation: You regenerate magic rapidly. [demonic
                  | ancestry]
  4963 | D:2      | Reached XP level 3. HP: 24/24 MP: 0/6
  5231 | D:2      | Noticed Jessica
  5239 | D:2      | Killed Jessica
  5433 | D:2      | Gained mutation: You have a pair of antennae on your head.
                  | [demonic ancestry]
  5433 | D:2      | Reached XP level 4. HP: 30/30 MP: 0/8
  5490 | D:2      | Noticed Sigmund
  5493 | D:2      | Killed Sigmund
  5494 | D:2      | Reached XP level 5. HP: 35/35 MP: 3/10
  6465 | D:2      | Gained mutation: Your touch may inflict minor irresistible
                  | damage on your foes. [demonic ancestry]
  6465 | D:2      | Reached XP level 6. HP: 41/41 MP: 7/11
  7597 | D:3      | Found a large runed translucent door.
  7597 | D:3      | Found a large runed translucent door.
  8668 | D:3      | Noticed middlethird's ghost (amateur FoNe)
  9782 | D:4      | Reached XP level 7. HP: 46/46 MP: 9/13
 10048 | D:4      | Found an iron altar of Okawaru.
 11034 | D:4      | Reached skill level 5 in Fire Magic
 11531 | D:4      | Found a bloodstained altar of Trog.
 11531 | D:4      | Found an ornate altar of the Wu Jian Council.
 11689 | D:5      | Entered Level 5 of the Dungeon
 12025 | D:5      | Found Gopi's Mayhem Merchandise.
 12324 | D:5      | Found a staircase to the Ecumenical Temple.
 12408 | Temple   | Entered the Ecumenical Temple
 12566 | Temple   | Became a worshipper of Vehumet
 12757 | D:6      | Identified a scroll of acquirement
 12764 | D:6      | Noticed Menkaure
 12782 | D:6      | Found a sand-covered staircase.
 12789 | D:6      | Noticed Eustachio
 12797 | Ossuary  | Entered an ossuary
 13935 | Ossuary  | Reached skill level 5 in Spellcasting
 13935 | Ossuary  | Reached skill level 5 in Conjurations
 14809 | Ossuary  | Gained mutation: You have a pair of large antennae on your
                  | head. (SInv) [demonic ancestry]
 14809 | Ossuary  | Reached XP level 8. HP: 47/52 MP: 12/15
 15226 | Ossuary  | Acquired the +5 Storm Queen's Shield {shock, Fly rElec}
 15226 | Ossuary  | Found the +5 Storm Queen's Shield {shock, Fly rElec}
 17199 | D:6      | Killed Menkaure
 17211 | D:6      | Noticed Edmund
 17212 | D:6      | Noticed a two-headed ogre
 17598 | D:6      | Killed Edmund
 19120 | D:6      | Gained mutation: You have a small tail. [demonic ancestry]
 19120 | D:6      | Reached XP level 9. HP: 57/57 MP: 14/18
 20421 | D:6      | Learned a level 3 spell: Volatile Blastmotes
 21103 | D:6      | Reached * piety under Vehumet
 21103 | D:6      | Offered knowledge of Shock by Vehumet.
 21314 | D:6      | Learned a level 1 spell: Shock
 21713 | D:6      | Found a runed translucent gate.
 21713 | D:6      | Found a runed translucent gate.
 21713 | D:6      | Found a runed translucent gate.
 21725 | D:6      | Noticed erynZofia's ghost (novice FoHu)
 23637 | D:7      | Noticed Joseph
 24400 | D:7      | Slain by Joseph

Illustrated notes

Levels and vault maps discovered:
D:1:      evilmike_arrival_crescent, layout_loops_cross,
          shapermc_ecumenical_altar_starsandcircs
D:2:      layout_loops_ring, nicolae_hexahallways, uniq_sigmund, uniq_jessica
D:3:      layout_loops_cross, ebering_ghost_disaster_area
D:4:      layout_loops_corners, gammafunk_temple_overflow_wave,
          kennysheep_okawaru_gauntlet
D:5:      layout_loops_cross, minmay_temple_entry_grid,
          hangedman_decor_peaks_small, small_statue_intersection,
          minmay_shop_mayhem
D:6:      layout_rooms, nicolae_overflow_hidden_temple,
          biasface_ghost_orc_armoury, nicolae_ossuary_entry_false_entrances,
          minmay_crystal_room, nrook_pool_corridor, hellmonk_bongcloud_opening,
          uniq_eustachio, uniq_menkaure, uniq_edmund
D:7:      layout_loops_ring, uniq_joseph
Temple:   regret_index_temple_mists

Skill      XL: |  1  2  3  4  5  6  7  8  9 |
---------------+----------------------------+-----
Fire Magic     | 3 4 5 6 7 |  7.3
Conjurations   | 2 3 4 5 6 7 |  7.4
Spellcasting   | 3 4 5 6 7 |  7.1
Dodging        | |  1.7
Stealth        | |  1.7

Action                     |  1- 3 |  4- 6 |  7- 9 || total
---------------------------+-------+-------+-------++-------
  Melee: Unarmed           |    34 |     1 |       ||    35
         Touch             |       |     1 |       ||     1
   Cast: Foxfire           |    75 |   100 |   192 ||   367
         Scorch            |     5 |    29 |   100 ||   134
         Volatile Blastmot |       |       |    12 ||    12
    Use: Scroll            |       |     3 |    20 ||    23
         Potion            |       |       |     8 ||     8
 Armour: Robe              |    16 |     3 |    26 ||    45
  Dodge: Dodged            |    52 |     5 |    67 ||   124
